Map: Taito Citadel LE

Players

SCIInewby - Winner!

  • Race: Protoss Protoss
  • League: Master
  • Spawn Location: 11:00

Duddits

  • Race: Protoss Protoss
  • League: Gold
  • Spawn Location: 5:00

VOD

Have the link to the VOD?

Description

Time

  • Played on: Feb. 10, 2026, 12:08 p.m.
  • Length: 11:04
Show
View Real Time Build Order
Export as new Build Order

SCIInewby Protoss - Winner!

Build Orders: 1 Gate Expand, Forge Fast Expand (FFE) 

Get SALT Encoding   

  12  0:01  Probe  
  13  0:13  Probe  
  14  0:19  Pylon  
  14  0:27  Probe  
  15  0:39  Forge  
  15  0:48  Gateway  
  15  0:50  Probe  
  16  0:57  Assimilator  
  16  1:03  Probe  
  16  1:15  Probe  
  17  1:27  Probe  
  18  1:41  Nexus  
  18  1:44  Probe  
  19  1:51  Assimilator  
  19  1:53  Probe  
  20  2:01  Probe  
  21  2:11  Probe  
  22  2:18  Photon Cannon  
  22  2:23  Probe  
  23  2:31  Pylon  
  23  2:46  Cybernetics Core  
  23  2:48  Probe  
  23  2:49  Zealot  
  23  2:50  Probe  
  26  2:53  Pylon  
  26  2:56  Probe  
  27  2:58  Probe  
  27  3:04  Probe  
  29  3:09  Probe  
  31  3:13  Pylon  
  31  3:16  Probe  
  32  3:26  Stalker  
  32  3:31  Probe  
  32  3:32  Probe  
  32  3:33  Pylon  
  36  3:37  Assimilator  
  36  3:40  Probe  
  36  3:41  Probe  
  36  3:43  Protoss Ground Weapons Level 1  
  36  3:44  Warp Gate  
  38  3:48  Probe  
  38  3:49  Probe  
  40  4:01  Assimilator  
  40  4:02  Gateway  
  40  4:09  Probe  
  41  4:10  Gateway  
  41  4:11  Probe  
  42  4:21  Probe  
  42  4:23  Probe  
  44  4:34  Probe, Twilight Council  
  44  4:35  Probe  
  46  4:44  Pylon  
  46  4:46  Probe  
  46  4:47  Probe  
  48  5:04  Photon Cannon  
  48  5:06  Probe x2  
  50  5:11  Charge  
  50  5:16  Photon Cannon  
  50  5:18  Probe  
  51  5:24  Pylon  
  51  5:25  Pylon  
  51  5:41  Nexus, Probe x2  
  53  5:43  Pylon  
  53  5:44  Zealot x2  
  53  5:46  Pylon  
  57  5:52  Stargate  
  57  5:53  Stargate, Probe  
  58  6:00  Gateway  
  58  6:01  Pylon  
  58  6:05  Gateway  
  58  6:07  Probe x2  
  60  6:11  Photon Cannon  
  60  6:19  Probe x2  
  62  6:31  Pylon x2, Probe  
  63  6:36  Probe  
  64  6:40  Robotics Facility x2  
  64  6:41  Zealot  
  64  6:43  Zealot, Probe  
  64  6:46  Zealot  
  71  6:53  Assimilator  
  71  6:56  Assimilator  
  71  7:00  Stalker, Fleet Beacon  
  73  7:04  Zealot  
  73  7:05  Zealot  
  77  7:08  Protoss Shields Level 1  
  77  7:17  Stalker, Dark Shrine  
  77  7:20  Probe x2  
  79  7:23  Probe  
  79  7:29  Probe x2  
  82  7:35  Probe, Zealot x2  
  82  7:36  Zealot x2  
  93  7:41  Carrier  
  93  7:42  Carrier  
  89  7:45  Stalker  
  99  8:10  Stalker  
  99  8:11  Stalker x3  
  107  8:15  Stalker  
  109  8:36  Dark Templar  
  109  8:37  Dark Templar x2  
  109  8:38  Dark Templar x2, Photon Cannon  
  109  8:39  Immortal  
  109  8:41  Shadow Stride  
  119  8:42  Photon Cannon  
  123  8:49  Immortal  
  123  8:56  Tempest  
  123  9:02  Tempest  
  111  9:39  Zealot x2  
  111  9:40  Zealot  
  111  9:41  Zealot x2  
  121  9:51  Pylon  
  121  9:53  Pylon  
  121  9:57  Pylon  
  121  10:02  Photon Cannon  
  113  10:51  Nexus  
  113  10:56  Unknown  
Show
View Real Time Build Order
Export as new Build Order

Duddits Protoss 

Build Orders:  

Get SALT Encoding   

  1  0:00  Probe  
  13  0:12  Pylon  
  13  0:13  Probe  
  14  0:24  Assimilator  
  14  0:36  Gateway  
  14  0:39  Probe  
  15  0:51  Probe  
  16  0:58  Assimilator  
  16  1:04  Probe  
  17  1:23  Cybernetics Core  
  17  1:27  Probe  
  18  1:39  Probe  
  19  1:45  Gateway  
  19  1:49  Pylon  
  19  1:52  Probe  
  20  1:57  Stalker  
  22  2:07  Warp Gate  
  22  2:10  Probe, Robotics Facility  
  23  2:18  Probe  
  24  2:27  Probe  
  24  2:28  Stalker  
  27  2:39  Probe  
  28  2:51  Probe  
  28  2:54  Pylon  
  29  3:01  Observer  
  30  3:13  Nexus  
  30  3:24  Stalker x2  
  30  3:29  Probe  
  35  3:48  Robotics Bay  
  35  3:50  Probe  
  35  3:55  Assimilator  
  36  3:56  Assimilator  
  36  4:02  Pylon  
  36  4:03  Probe  
  37  4:23  Gateway  
  37  4:26  Gateway  
  37  4:34  Probe  
  37  4:41  Observer  
  37  4:44  Probe  
  38  4:46  Probe  
  38  4:49  Gravitic Boosters  
  38  4:50  Stalker x2  
  44  4:56  Probe  
  44  4:58  Probe  
  46  5:05  Immortal  
  50  5:15  Probe  
  50  5:21  Probe  
  52  5:28  Zealot x2  
  54  5:32  Probe  
  54  5:33  Twilight Council  
  57  5:51  Stargate  
  57  5:56  Stargate  
  57  6:04  Zealot x2  
  61  6:14  Pylon  
  61  6:15  Charge  
  61  6:21  Pylon  
  61  6:25  Pylon  
  61  6:27  Shield Battery  
  61  6:28  Oracle  
  61  6:30  Shield Battery  
  61  6:31  Oracle  
  64  6:43  Probe  
  68  6:47  Stalker  
  68  6:50  Probe  
  71  6:56  Probe  
  72  7:04  Colossus  
  78  7:15  Zealot x2  
  82  7:16  Zealot  
  82  7:20  Probe  
  82  7:21  Probe  
  86  7:26  Pylon  
  86  7:32  Pylon  
  86  8:14  Blink  
  83  8:20  Stalker x2  
  83  8:21  Stalker x2  
  95  8:28  Probe  
  95  8:31  Probe  
  95  8:33  Void Ray x2  
  101  8:52  Nexus  
  101  8:54  Pylon  
  101  9:03  Assimilator  
  101  9:08  Assimilator  
  101  9:12  Immortal  
  96  9:37  Void Ray x2  
  68  9:38  Stalker x2  
  68  9:39  Stalker x2  
  71  10:04  Stalker x4  
Tags
 
Add a new tag
Caveats
  • Supply blocks, unpowered buildings, or Contaminate may cause inaccurate times.
  • Supply counts are checked every 10 seconds.